 Dungeon Crawl Stone Soup version 0.20-a0-550-gf70bbbc (webtiles) character file.

33 Krakonus1 the Scratcher (level 3, -3/15 HPs)
             Began as a Felid Transmuter on Feb 2, 2017.
             Slain by Purgy (7 damage)
             ... on level 3 of the Dungeon.
             The game lasted 00:12:04 (3055 turns).

Krakonus1 the Scratcher (Felid Transmuter)          Turns: 3055, Time: 00:12:05

Health: -3/15      AC:  1    Str:  6    XL:     3   Next: 12%
Magic:  1/8        EV: 19    Int: 14    God:
Gold:   123        SH:  0    Dex: 17    Spells: 1/7 levels left
                                        Lives:  0   Deaths: 1

rFire    . . .     SeeInvis +     - Unarmed
rCold    . . .     Gourm    .   (armour unavailable)
rNeg     . . .     Faith    .   (shield unavailable)
rPois    .         Spirit   .   (helmet unavailable)
rElec    .         Reflect  .   (cloak unavailable)
rCorr    .         Harm     .   (gloves unavailable)
MR       .....                  (boots unavailable)
Stlth    +++.......             (no amulet)
Regen    0.1/turn               (no ring)
                                (no ring)

@: appendage (expiring), very slightly contaminated, quick
A: no armour, no weapons or thrown items, stealth, claws 1, fangs 3, horns 2,
see invisible, carnivore 3, speed 1, shaggy fur 1, slow metabolism 1, sharp paws
a: End Transformation


You were on level 3 of the Dungeon.
You were not hungry.
You had grown temporary horns.
You visited 1 branch of the dungeon, and saw 3 of its levels.

You collected 123 gold pieces.

Inventory:

Scrolls
 h - a scroll of identify
Potions
 e - a potion of brilliance
Books
 b - a book of Changes

   Spells                             Type                      Level
   a - Beastly Appendage              Transmutation                1
   b - Sticks to Snakes               Transmutation                2
   c - Spider Form                    Transmutation/Poison         3
   d - Ice Form                       Ice/Transmutation            4
   e - Blade Hands                    Transmutation                5
Comestibles
 c - a meat ration
 d - a royal jelly
 f - 6 chunks of flesh


   Skills:
 + Level 1.0 Fighting
 * Level 3.5 Dodging
 * Level 2.0 Stealth
 + Level 3.5 Unarmed Combat
 + Level 2.6 Spellcasting
 + Level 2.8 Transmutations


You had one spell level left.
You knew the following spells:

 Your Spells              Type           Power        Failure   Level  Hunger
a - Beastly Appendage     Tmut           #.....       10%         1    #......
b - Sticks to Snakes      Tmut           #.......     14%         2    ###....
c - Spider Form           Tmut/Pois      #.........   38%         3    ###....


Dungeon Overview and Level Annotations

Branches:
Dungeon (3/15)

Altars:

Annotations:
D:3 Purgy


Innate Abilities, Weirdness & Mutations

You cannot wear armour.
You are incapable of wielding weapons or throwing items.
Your paws allow you to move quietly. (Stealth)
You have sharp claws.
You have razor-sharp teeth.
You have supernaturally acute eyesight. (SInv)
You are carnivorous and can eat meat at any time.
You cover ground quickly.
You are covered in fur. (AC +1)
You have a slow metabolism.
Your sharp claws are effective at attacking unaware monsters.
You have a pair of horns on your head.


Message History

Your transformation is almost over.
Your ball python bites Purgy.
Purgy barely misses you. Purgy misses you. Purgy completely misses you.
You closely miss Purgy.
Purgy is moderately wounded.
Your ball python closely misses Purgy.
Purgy closely misses you. Purgy completely misses you.
Purgy claws you but does no damage.
You scratch Purgy but do no damage.
Purgy is moderately wounded.
Your ball python bites Purgy.
Purgy closely misses you.
Purgy barely misses you. x2; Your ball python barely misses Purgy.
You scratch Purgy.
Purgy is heavily wounded.
Purgy bites you. Purgy closely misses you. Purgy claws you.
* * * LOW HITPOINT WARNING * * *
Your ball python barely misses Purgy.
You scratch Purgy. Your headbutt misses Purgy.
Purgy is severely wounded.
Your ball python barely misses Purgy.
Purgy bites you!
You die...

... ...... ..#.....h..#.
.... ...######.#.#......#.
.....###.#......#..........
..........................>
.......................#.##
.....###.#.#.....<#....#.#
#.. ###.#.##..........#.. #
..#.#ST.............##
#.#<.@##....%.......#
#.#...#########.###.#
#.#...# ..# #.## #.#.#.#
...# ... # #.#.#.# ... ##
#.#'#.#.# ###.. #.....#.#
..#.. #.....#.# #.#.######
#.....#.# #.#.......


You could see Purgy and a friendly ball python.

Vanquished Creatures
  An adder (D:2)
  A dart slug (D:2)
  3 leopard geckos
  3 orcs
  A giant cockroach (D:2)
  7 goblins
  9 hobgoblins
  8 jackals
  A ball python (D:3)
  5 bats
  5 frilled lizards
  4 kobolds
  5 rats
53 creatures vanquished.

Vanquished Creatures (collateral kills)
  An orc (D:3)
  A giant cockroach (D:2)
  A rat (D:3)
3 creatures vanquished.

Grand Total: 56 creatures vanquished

Notes
Turn   | Place    | Note
-------+----------+-------------------------------------------
     0 | D:1      | Krakonus1 the Felid Transmuter began the quest for the Orb.
     0 | D:1      | Reached XP level 1. HP: 9/9 MP: 4/4
   586 | D:1      | Reached XP level 2. HP: 12/12 MP: 4/6
   893 | D:1      | Reached skill level 1 in Stealth
  1150 | D:1      | Reached XP level 3. HP: 11/15 MP: 5/7
  1467 | D:2      | Learned a level 2 spell: Sticks to Snakes
  1471 | D:2      | Learned a level 3 spell: Spider Form
  2755 | D:2      | Reached XP level 4. HP: 10/19 MP: 3/8
  3001 | D:3      | Noticed Purgy
  3031 | D:3      | Slain by Purgy
  3032 | D:3      | Reached XP level 3. HP: 0/15 MP: 0/8
  3055 | D:3      | Slain by Purgy

Vault maps used:
D:1:      dpeg_arrival_arbitrary_c
D:3:      minivault_23, uniq_crazy_yiuf_cottage, uniq_natasha, uniq_grinder,
          uniq_purgy

Skill      XL: |  1  2  3  4 |
---------------+-------------+-----
Stealth        | 1 2 |  2.0
Dodging        | 3 |  3.5
Fighting       | |  1.0
Unarmed Combat | |  3.5
Spellcasting   | |  2.6
Transmutations | |  2.8

Action                   |  1- 3 |  4- 6 || total
-------------------------+-------+-------++-------
Melee: Unarmed           |   164 |    17 ||   181
       Bite              |    13 |     1 ||    14
       Headbutt          |    27 |     1 ||    28
       Punch             |     2 |       ||     2
 Cast: Beastly Appendage |    32 |     4 ||    36
       Sticks to Snakes  |     5 |     7 ||    12
  Use: Scroll            |     3 |     2 ||     5
       Potion            |     6 |     1 ||     7
 Stab: Sleeping          |     2 |     2 ||     4
  Eat: Chunk             |    11 |     1 ||    12
Armor: Skin              |     6 |     2 ||     8
Dodge: Dodged            |   155 |    19 ||   174
